Workbook

Sheet Instruções
B2: Instruções de preenchimento: 1. O anexo D - orçamento faz parte integrante da candidatura e deverá ser enviado em formato Excel 2. Devem ser preenchidos os separadores: Orçamento RH; Orçamento Atividade 1... (acrescentar separadores Orçamento de atividade de acordo com o número de atividades previstas); Orçamento total 3. Os campos de cor verde são de preenchimento obrigatório. 4. Em cada despesa e atividade os custos devem ser distribuídos pela duração do projeto, em meses para cada ano de duração, não podendo exceder o limite de 36 meses
B3: Separador Orçamento RH 1. Este separador corresponde à rubrica da Despesa 3.1 Remunerações com pessoal interno 2. No campo Nome, se ainda não existir a contratação deve colocar-se "A contratar" 3. Para cada pessoa deve ser apresentada a despesa, por cada ano, referindo o número de meses de duração e a percentagem de imputação à operação no caso de técnicos internos
B4: Separador Orçamento Atividade 1. Deve ser feito um separador por cada atividade / ação. A soma dos valores totais de cada atividade corresponde ao total do financiamento solicitado. 2. Cada atividade deve indicar a percentagem que corresponde a cada parceiro, no caso de parceria formal 3. O campo de "Fundamentação do orçamento apresentado por atividade, incluindo a descrição da sua adequação aos objetivos propostos" deve ser preenchido pois concorre para o critério A.1.2 4. As rubricas devem ser preenchidas por anos e segundo os critérios de elegibilidade, suas regras e limites máximos conforme o quadro apresentado em baixo 5. Para cada rubrica de despesa, deve ser apresentada a Explicação do Método do cálculo e critério de imputação das despesas aos parceiros (no caso da perceria formal)
B5: Separador Orçamento Total 1. Este separador encontra-se predefinido para somar os valores do orçamento de 3 atividades. Caso se trate de um projeto com mais atividades devem ser feitas as respetivas adaptações. 2. Deve ser preenchido a percentagem da despesa que corresponde à entidade gestora e à(s) entidade(s) parceira(s)
B7: Orçamento
B8: Custos da Operação | C8: Natureza das Despesas | D8: Regras e limites máximos de elegibilidade | E8: Rúbrica Balcão
B9: Encargos com Consultores
B10: Consultores Externos | C10: Remunerações e outras despesas de consultores | D10: As despesas com remunerações de consultores devem obedecer às regras e limites estabelecido nos n.ºs 2 e 3 do artigo 14.º, da Portaria n.º 60-A/2015, de 2 de março, na sua atual redação. As despesas com alojamento, alimentação e transporte, quando a elas houver lugar, devem obedecer às regras e aos montantes fixados para atribuição de idênticas despesas aos trabalhadores que exercem funções públicas com remunerações base que se situam entre os valores dos níveis remuneratórios 18 e 19 até ao limite de 20% dos honorários, por consultor. | E10: 2.3.2 e 2.99
B11: Encargos com pessoal afeto à operação
B12: Remunerações com pessoal interno | C12: Encargos com pessoal afeto à operação, nomeadamente as despesas com remunerações de pessoal dirigente, técnicos, pessoal administrativo, bem como outro pessoal envolvido nas fases de conceção, preparação, desenvolvimento, gestão, acompanhamento e avaliação da operação. | D12: No que concerne à acumulação das funções, as mesmas devem cumprir o estipulado na alínea c), do artigo 15º da Portaria n.º 60-A/2015, de 2 de março, na sua atual redação. | E12: 3.1
B13: Remunerações com pessoal externo | E13: 3.2
B14: Outros encargos | E14: 3.99
B15: Deslocações e estadias
B16: Despesas com alojamento do pessoal afeto à operação | C16: Despesas com alojamento, deslocação e alimentação do pessoal afeto à operação. | D16: As despesas com alojamento, alimentação e transporte, quando a elas houver lugar, devem obedecer às regras e aos montantes fixados para atribuição de idênticas despesas aos trabalhadores que exercem funções públicas com remunerações base que se situam entre os valores dos níveis remuneratórios 18 e 19. | E16: 3.3
B17: Despesas deslocação do pessoal afeto à operação
B18: Despesas com alimentação do pessoal afeto à operação
B19: Rendas, alugueres e amortizações
B20: Rendas ou a amortização das instalações onde a atividade decorre | C20: Despesas com o aluguer, ou amortização de equipamentos diretamente relacionados com a operação, e as despesas com a renda ou a amortização das instalações onde a atividade decorre. | D20: O recurso ao arrendamento/ aluguer de instalações/espaços e aluguer/amortização de equipamentos para a realização de atividades deve responder a necessidades objetivas das mesmas e ser devidamente justificado, quer quanto à necessidade quer quanto ao montante, tendo em conta o princípio da capacidade instalada e da boa gestão financeira, bem como o custo e vida útil do respetivo bem, no caso dos equipamentos. As operações de locação financeira ou de arrendamento e aluguer de longo prazo apenas são elegíveis, para efeitos de cofinanciamento, nos estritos termos do n.º 9 e 10 do artigo 15.º do Decreto-Lei n.º 159/2014, de 27 de outubro, na sua atual redação. | E20: 4.4
B21: Alugueres de equipamentos diretamente relacionados com a operação
B22: Amortizações de equipamentos diretamente relacionados com a operação
B23: Encargos diretos com a preparação, desenvolvimento, acompanhamento e avaliação da operação
B24: Despesas com informação, publicidade e divulgação da operação | C24: Nesta rubrica são elegíveis os encargos com a aquisição de bens e serviços diretamente relacionados com as atividades da operação, designadamente: - Despesas com informação, publicidade e divulgação da operação; - Aquisição, elaboração e reprodução de recursos didáticos/ técnicos; - Materiais consumíveis e bens não duradouros. | E24: 4.2.1
B25: Aquisição, elaboração e reprodução de recursos didáticos/ técnicos; | E25: 4.2.99
B26: Materiais consumíveis e bens não duradouros.
B27: Encargos gerais com a operação
B28: Energia | C28: Outras despesas necessárias à conceção, desenvolvimento e gestão da operação apoiada, nomeadamente as despesas correntes com energia, água, comunicações e as despesas gerais de manutenção de equipamentos e instalações. | D28: As despesas serão elegíveis na proporção do peso da operação no global da atividade da entidade beneficiária até ao limite de 10% do investimento total do projeto. | E28: 4.5
B29: Água
B30: Comunicações
B31: Despesas gerais de manutenção de equipamentos e instalações
B32: Outros (especificar) | E32: 4.99

Sheet Orçamento RH
B1: Recursos Humanos afetos à operação
B2: 3.1 Remunerações com pessoal interno (remunerações de pessoal dirigente, técnicos, pessoal administrativo)
B3: Nome | C3: Função | D3: Valor de vencimento (mês) | E3: Valor TSU (mês) | F3: Subsídio alimentação (dia) | G3: Seguro Acidentes Trabalho (ano) | H3: Medicina no Trabalho (ano)
D4: 0 | E4: 0 | F4: 0 | G4: 0 | H4: 0
D5: 0 | E5: 0 | F5: 0 | G5: 0 | H5: 0
D6: 0 | E6: 0 | F6: 0 | G6: 0 | H6: 0
D7: 0 | E7: 0 | F7: 0 | G7: 0 | H7: 0
D8: 0 | E8: 0 | F8: 0 | G8: 0 | H8: 0
B10: Nome | C10: Rubrica | D10: 2020 | F10: 2021 | H10: 2022 | J10: 2023 | L10: Custo Total | M10: % imputação à operação | N10: Valor de imputação à operação
D11: Nº Meses: | F11: Nº Meses: | H11: Nº Meses: | J11: Nº Meses:
D12: 0 | F12: 0 | H12: 0 | J12: 0 | L12: =SUM(D12:K12) -> 0 | N12: =(L12*M12) -> 0
D13: 0 | F13: 0 | H13: 0 | J13: 0 | L13: =SUM(D13:K13) -> 0 | N13: =(L13*M13) -> 0
D14: 0 | F14: 0 | H14: 0 | J14: 0 | L14: =SUM(D14:K14) -> 0 | N14: =(L14*M14) -> 0
D15: 0 | F15: 0 | H15: 0 | J15: 0 | L15: =SUM(D15:K15) -> 0 | N15: =(L15*M15) -> 0
D16: 0 | F16: 0 | H16: 0 | J16: 0 | L16: =SUM(D16:K16) -> 0 | N16: =(L16*M16) -> 0
D17: 0 | F17: 0 | H17: 0 | J17: 0 | L17: =SUM(D17:K17) -> 0 | N17: =(L17*M17) -> 0
D18: 0 | F18: 0 | H18: 0 | J18: 0 | L18: =SUM(D18:K18) -> 0 | N18: =L18*M18 -> 0
D19: 0 | F19: 0 | H19: 0 | J19: 0 | L19: =SUM(D19:K19) -> 0 | N19: =L19*M19 -> 0
D20: =SUM(D12:E19) -> 0 | F20: =SUM(F12:G19) -> 0 | H20: =SUM(H12:I19) -> 0 | J20: =SUM(J12:K19) -> 0 | L20: =SUM(D20:K20) -> 0 | N20: =SUM(N12:N19) -> 0
B21: Observações

Sheet Orçamento Atividade 1
B2: Nome da atividade/ação 1:
B4: Nome Entidade Gestora | C4: % ação | E4: Nome Entidade(s) Parceira(s) (se parceria formal) | I4: % ação
B8: Orçamento
B9: Rubricas /Custos da Operação | C9: 2020 | D9: 2021 | E9: 2022 | F9: 2023 | G9: Total | H9: Explicação do Método do cálculo e critério de imputação das despesas aos parceiros
B10: 2. Encargos com formadores e consultores | C10: =C11+C13 -> 0 | D10: =D11+D13 -> 0 | E10: =E11+E13 -> 0 | F10: =F11+F13 -> 0 | G10: =SUM(C10:F10) -> 0
B11: 2.3 Consultores | C11: =C12 -> 0 | D11: =D12 -> 0 | E11: =E12 -> 0 | F11: =F12 -> 0 | G11: =SUM(C11:F11) -> 0
B12: 2.3.2 Consultores Externos | C12: 0 | D12: 0 | E12: 0 | F12: 0 | G12: =SUM(C12:F12) -> 0
B13: 2.99 Outro encargos | C13: 0 | D13: 0 | E13: 0 | F13: 0 | G13: =SUM(C13:F13) -> 0
B14: 3. Encargos com pessoal afeto à operação | C14: =C15+C16+C17+C18 -> 0 | D14: =D15+D16+D17+D18 -> 0 | E14: =E15+E16+E17+E18 -> 0 | F14: =F15+F16+F17+F18 -> 0 | G14: =SUM(C14:F14) -> 0
B15: 3.1 Remunerações com pessoal interno | C15: 0 | D15: 0 | E15: 0 | F15: 0 | G15: =SUM(C15:F15) -> 0
B16: 3.2 Remunerações com pessoal externo | C16: 0 | D16: 0 | E16: 0 | F16: 0 | G16: =SUM(C16:F16) -> 0
B17: 3.3. Deslocações e estadias | C17: 0 | D17: 0 | E17: 0 | F17: 0 | G17: =SUM(C17:F17) -> 0
B18: 3.99 Outros encargos com pessoal | C18: 0 | D18: 0 | E18: 0 | F18: 0 | G18: =SUM(C18:F18) -> 0
B19: 4. Encargos diretos com a preparação, desenvolvimento, acompanhamento e avaliação da operação | C19: =C20+C23+C24+C25 -> 0 | D19: =D20+D23+D24+D25 -> 0 | E19: =E20+E23+E24+E25 -> 0 | F19: =F20+F23+F24+F25 -> 0 | G19: =SUM(C19:F19) -> 0
B20: 4.2 Aquisição de bens e serviços | C20: =C21+C22 -> 0 | D20: =D21+D22 -> 0 | E20: =E21+E22 -> 0 | F20: =F21+F22 -> 0 | G20: =SUM(C20:F20) -> 0
B21: 4.2.1. Informação e publicidade | C21: 0 | D21: 0 | E21: 0 | F21: 0 | G21: =SUM(C21:F21) -> 0
B22: 4.2.99 Outros encargos com aquisição de bens e serviços | C22: 0 | D22: 0 | E22: 0 | F22: 0 | G22: =SUM(C22:F22) -> 0
B23: 4.4 Rendas, alugueres e Amortizações | C23: 0 | D23: 0 | E23: 0 | F23: 0 | G23: =SUM(C23:F23) -> 0
B24: 4.5 Encargos Gerais | C24: 0 | D24: 0 | E24: 0 | F24: 0 | G24: =SUM(C24:F24) -> 0
B25: 4.99 Outros Encargos com Preparação, Desenvolvimento, Acompanhamento e Avaliação | C25: 0 | D25: 0 | E25: 0 | F25: 0 | G25: =SUM(C25:F25) -> 0
B26: Total | C26: =C10+C14+C19 -> 0 | D26: =D10+D14+D19 -> 0 | E26: =E10+E14+E19 -> 0 | F26: =F10+F14+F19 -> 0 | G26: =SUM(C26:F26) -> 0
B27: Fundamentação do orçamento apresentado por atividade, incluindo a descrição da sua adequação aos objetivos propostos. (Concorre para o critério A.1.2)

Sheet Orçamento Atividade 2
B2: Nome da atividade/ação 2:
B4: Nome Entidade Gestora | C4: % ação | E4: Nome Entidade(s) Parceira(s) (se parceria formal) | I4: % ação
B8: Orçamento
B9: Rubricas /Custos da Operação | C9: 2020 | D9: 2021 | E9: 2022 | F9: 2023 | G9: Total | H9: Explicação do Método do cálculo e critério de imputação das despesas aos parceiros
B10: 2. Encargos com formadores e consultores | C10: =C11+C13 -> 0 | D10: =D11+D13 -> 0 | E10: =E11+E13 -> 0 | F10: =F11+F13 -> 0 | G10: =SUM(C10:F10) -> 0
B11: 2.3 Consultores | C11: =C12 -> 0 | D11: =D12 -> 0 | E11: =E12 -> 0 | F11: =F12 -> 0 | G11: =SUM(C11:F11) -> 0
B12: 2.3.2 Consultores Externos | C12: 0 | D12: 0 | E12: 0 | F12: 0 | G12: =SUM(C12:F12) -> 0
B13: 2.99 Outro encargos | C13: 0 | D13: 0 | E13: 0 | F13: 0 | G13: =SUM(C13:F13) -> 0
B14: 3. Encargos com pessoal afeto à operação | C14: =C15+C16+C17+C18 -> 0 | D14: =D15+D16+D17+D18 -> 0 | E14: =E15+E16+E17+E18 -> 0 | F14: =F15+F16+F17+F18 -> 0 | G14: =SUM(C14:F14) -> 0
B15: 3.1 Remunerações com pessoal interno | C15: 0 | D15: 0 | E15: 0 | F15: 0 | G15: =SUM(C15:F15) -> 0
B16: 3.2 Remunerações com pessoal externo | C16: 0 | D16: 0 | E16: 0 | F16: 0 | G16: =SUM(C16:F16) -> 0
B17: 3.3. Deslocações e estadias | C17: 0 | D17: 0 | E17: 0 | F17: 0 | G17: =SUM(C17:F17) -> 0
B18: 3.99 Outros encargos com pessoal | C18: 0 | D18: 0 | E18: 0 | F18: 0 | G18: =SUM(C18:F18) -> 0
B19: 4. Encargos diretos com a preparação, desenvolvimento, acompanhamento e avaliação da operação | C19: =C20+C23+C24+C25 -> 0 | D19: =D20+D23+D24+D25 -> 0 | E19: =E20+E23+E24+E25 -> 0 | F19: =F20+F23+F24+F25 -> 0 | G19: =SUM(C19:F19) -> 0
B20: 4.2 Aquisição de bens e serviços | C20: =C21+C22 -> 0 | D20: =D21+D22 -> 0 | E20: =E21+E22 -> 0 | F20: =F21+F22 -> 0 | G20: =SUM(C20:F20) -> 0
B21: 4.2.1. Informação e publicidade | C21: 0 | D21: 0 | E21: 0 | F21: 0 | G21: =SUM(C21:F21) -> 0
B22: 4.2.99 Outros encargos com aquisição de bens e serviços | C22: 0 | D22: 0 | E22: 0 | F22: 0 | G22: =SUM(C22:F22) -> 0
B23: 4.4 Rendas, alugueres e Amortizações | C23: 0 | D23: 0 | E23: 0 | F23: 0 | G23: =SUM(C23:F23) -> 0
B24: 4.5 Encargos Gerais | C24: 0 | D24: 0 | E24: 0 | F24: 0 | G24: =SUM(C24:F24) -> 0
B25: 4.99 Outros Encargos com Preparação, Desenvolvimento, Acompanhamento e Avaliação | C25: 0 | D25: 0 | E25: 0 | F25: 0 | G25: =SUM(C25:F25) -> 0
B26: Total | C26: =C10+C14+C19 -> 0 | D26: =D10+D14+D19 -> 0 | E26: =E10+E14+E19 -> 0 | F26: =F10+F14+F19 -> 0 | G26: =SUM(C26:F26) -> 0
B27: Fundamentação do orçamento apresentado por atividade, incluindo a descrição da sua adequação aos objetivos propostos. (Concorre para o critério A.1.2)

Sheet Orçamento Atividade 3
B2: Nome da atividade/ação 3:
B4: Nome Entidade Gestora | C4: % ação | E4: Nome Entidade(s) Parceira(s) (se parceria formal) | I4: % ação
B8: Orçamento
B9: Rubricas /Custos da Operação | C9: 2020 | D9: 2021 | E9: 2022 | F9: 2023 | G9: Total | H9: Explicação do Método do cálculo e critério de imputação das despesas aos parceiros
B10: 2. Encargos com formadores e consultores | C10: =C11+C13 -> 0 | D10: =D11+D13 -> 0 | E10: =E11+E13 -> 0 | F10: =F11+F13 -> 0 | G10: =SUM(C10:F10) -> 0
B11: 2.3 Consultores | C11: =C12 -> 0 | D11: =D12 -> 0 | E11: =E12 -> 0 | F11: =F12 -> 0 | G11: =SUM(C11:F11) -> 0
B12: 2.3.2 Consultores Externos | C12: 0 | D12: 0 | E12: 0 | F12: 0 | G12: =SUM(C12:F12) -> 0
B13: 2.99 Outro encargos | C13: 0 | D13: 0 | E13: 0 | F13: 0 | G13: =SUM(C13:F13) -> 0
B14: 3. Encargos com pessoal afeto à operação | C14: =C15+C16+C17+C18 -> 0 | D14: =D15+D16+D17+D18 -> 0 | E14: =E15+E16+E17+E18 -> 0 | F14: =F15+F16+F17+F18 -> 0 | G14: =SUM(C14:F14) -> 0
B15: 3.1 Remunerações com pessoal interno | C15: 0 | D15: 0 | E15: 0 | F15: 0 | G15: =SUM(C15:F15) -> 0
B16: 3.2 Remunerações com pessoal externo | C16: 0 | D16: 0 | E16: 0 | F16: 0 | G16: =SUM(C16:F16) -> 0
B17: 3.3. Deslocações e estadias | C17: 0 | D17: 0 | E17: 0 | F17: 0 | G17: =SUM(C17:F17) -> 0
B18: 3.99 Outros encargos com pessoal | C18: 0 | D18: 0 | E18: 0 | F18: 0 | G18: =SUM(C18:F18) -> 0
B19: 4. Encargos diretos com a preparação, desenvolvimento, acompanhamento e avaliação da operação | C19: =C20+C23+C24+C25 -> 0 | D19: =D20+D23+D24+D25 -> 0 | E19: =E20+E23+E24+E25 -> 0 | F19: =F20+F23+F24+F25 -> 0 | G19: =SUM(C19:F19) -> 0
B20: 4.2 Aquisição de bens e serviços | C20: =C21+C22 -> 0 | D20: =D21+D22 -> 0 | E20: =E21+E22 -> 0 | F20: =F21+F22 -> 0 | G20: =SUM(C20:F20) -> 0
B21: 4.2.1. Informação e publicidade | C21: 0 | D21: 0 | E21: 0 | F21: 0 | G21: =SUM(C21:F21) -> 0
B22: 4.2.99 Outros encargos com aquisição de bens e serviços | C22: 0 | D22: 0 | E22: 0 | F22: 0 | G22: =SUM(C22:F22) -> 0
B23: 4.4 Rendas, alugueres e Amortizações | C23: 0 | D23: 0 | E23: 0 | F23: 0 | G23: =SUM(C23:F23) -> 0
B24: 4.5 Encargos Gerais | C24: 0 | D24: 0 | E24: 0 | F24: 0 | G24: =SUM(C24:F24) -> 0
B25: 4.99 Outros Encargos com Preparação, Desenvolvimento, Acompanhamento e Avaliação | C25: 0 | D25: 0 | E25: 0 | F25: 0 | G25: =SUM(C25:F25) -> 0
B26: Total | C26: =C10+C14+C19 -> 0 | D26: =D10+D14+D19 -> 0 | E26: =E10+E14+E19 -> 0 | F26: =F10+F14+F19 -> 0 | G26: =SUM(C26:F26) -> 0
B27: Fundamentação do orçamento apresentado por atividade, incluindo a descrição da sua adequação aos objetivos propostos. (Concorre para o critério A.1.2)

Sheet Orçamento Total
B2: Nome Entidade Gestora | C2: % ação | E2: Nome Entidade(s) Parceira(s) (se parceria formal) | H2: % ação
B6: Orçamento Total
B7: Rubricas /Custos da Operação | C7: 2020 | D7: 2021 | F7: 2022 | G7: 2023 | H7: Total
B8: 2. Encargos com formadores e consultores | C8: =C9+C11 -> 0 | D8: =D9+D11 -> 0 | F8: =F9+F11 -> 0 | G8: =G9+G11 -> 0 | H8: =SUM(C8:G8) -> 0
B9: 2.3 Consultores | C9: =C10 -> 0 | D9: =D10 -> 0 | F9: =F10 -> 0 | G9: =G10 -> 0 | H9: =C9+D9+F9+G9 -> 0
B10: 2.3.2 Consultores Externos | C10: ='Orçamento Atividade 1'!C12+'Orçamento Atividade 2'!C12+'Orçamento Atividade 3'!C12 -> 0 | D10: ='Orçamento Atividade 1'!D12+'Orçamento Atividade 2'!D12+'Orçamento Atividade 3'!D12 -> 0 | E10: 1 | F10: ='Orçamento Atividade 1'!E12+'Orçamento Atividade 2'!E12+'Orçamento Atividade 3'!E12 -> 0 | G10: ='Orçamento Atividade 1'!F12+'Orçamento Atividade 2'!F12+'Orçamento Atividade 3'!F12 -> 0 | H10: =C10+D10+F10+G10 -> 0
B11: 2.99 Outro encargos | C11: ='Orçamento Atividade 1'!C13+'Orçamento Atividade 2'!C13+'Orçamento Atividade 3'!C13 -> 0 | D11: ='Orçamento Atividade 1'!D13+'Orçamento Atividade 2'!D13+'Orçamento Atividade 3'!D13 -> 0 | E11: 2 | F11: ='Orçamento Atividade 1'!E13+'Orçamento Atividade 2'!E13+'Orçamento Atividade 3'!E13 -> 0 | G11: ='Orçamento Atividade 1'!F13+'Orçamento Atividade 2'!F13+'Orçamento Atividade 3'!F13 -> 0 | H11: =C11+D11+F11+G11 -> 0
B12: 3. Encargos com pessoal afeto à operação | C12: =C13+C14+C15+C16 -> 0 | D12: =D13+D14+D15+D16 -> 0 | F12: =F13+F14+F15+F16 -> 0 | G12: =G13+G14+G15+G16 -> 0 | H12: =SUM(C12:G12) -> 0
B13: 3.1 Remunerações com pessoal interno | C13: ='Orçamento Atividade 1'!C15+'Orçamento Atividade 2'!C15+'Orçamento Atividade 3'!C15 -> 0 | D13: ='Orçamento Atividade 1'!D15+'Orçamento Atividade 2'!D15+'Orçamento Atividade 3'!D15 -> 0 | F13: ='Orçamento Atividade 1'!E15+'Orçamento Atividade 2'!E15+'Orçamento Atividade 3'!E15 -> 0 | G13: ='Orçamento Atividade 1'!F15+'Orçamento Atividade 2'!F15+'Orçamento Atividade 3'!F15 -> 0 | H13: =SUM(C13:G13) -> 0
B14: 3.2 Remunerações com pessoal externo | C14: ='Orçamento Atividade 1'!C16+'Orçamento Atividade 2'!C16+'Orçamento Atividade 3'!C16 -> 0 | D14: ='Orçamento Atividade 1'!D16+'Orçamento Atividade 2'!D16+'Orçamento Atividade 3'!D16 -> 0 | F14: ='Orçamento Atividade 1'!E16+'Orçamento Atividade 2'!E16+'Orçamento Atividade 3'!E16 -> 0 | G14: ='Orçamento Atividade 1'!F16+'Orçamento Atividade 2'!F16+'Orçamento Atividade 3'!F16 -> 0 | H14: =SUM(C14:G14) -> 0
B15: 3.3. Deslocações e estadias | C15: ='Orçamento Atividade 1'!C17+'Orçamento Atividade 2'!C17+'Orçamento Atividade 3'!C17 -> 0 | D15: ='Orçamento Atividade 1'!D17+'Orçamento Atividade 2'!D17+'Orçamento Atividade 3'!D17 -> 0 | F15: ='Orçamento Atividade 1'!E17+'Orçamento Atividade 2'!E17+'Orçamento Atividade 3'!E17 -> 0 | G15: ='Orçamento Atividade 1'!F17+'Orçamento Atividade 2'!F17+'Orçamento Atividade 3'!F17 -> 0 | H15: =SUM(C15:G15) -> 0
B16: 3.99 Outros encargos com pessoal | C16: ='Orçamento Atividade 1'!C18+'Orçamento Atividade 2'!C18+'Orçamento Atividade 3'!C18 -> 0 | D16: ='Orçamento Atividade 1'!D18+'Orçamento Atividade 2'!D18+'Orçamento Atividade 3'!D18 -> 0 | F16: ='Orçamento Atividade 1'!E18+'Orçamento Atividade 2'!E18+'Orçamento Atividade 3'!E18 -> 0 | G16: ='Orçamento Atividade 1'!F18+'Orçamento Atividade 2'!F18+'Orçamento Atividade 3'!F18 -> 0 | H16: =SUM(C16:G16) -> 0
B17: 4. Encargos diretos com a preparação, desenvolvimento, acompanhamento e avaliação da operação | C17: =C18+C21+C22+C23 -> 0 | D17: =D18+D21+D22+D23 -> 0 | F17: =F18+F21+F22+F23 -> 0 | G17: =G18+G21+G22+G23 -> 0 | H17: =SUM(C17:G17) -> 0
B18: 4.2 Aquisição de bens e serviços | C18: =C19+C20 -> 0 | D18: =D19+D20 -> 0 | F18: =F19+F20 -> 0 | G18: =G19+G20 -> 0 | H18: =SUM(C18:G18) -> 0
B19: 4.2.1. Informação e publicidade | C19: ='Orçamento Atividade 1'!C21+'Orçamento Atividade 2'!C21+'Orçamento Atividade 3'!C21 -> 0 | D19: ='Orçamento Atividade 1'!D21+'Orçamento Atividade 2'!D21+'Orçamento Atividade 3'!D21 -> 0 | F19: ='Orçamento Atividade 1'!E21+'Orçamento Atividade 2'!E21+'Orçamento Atividade 3'!E21 -> 0 | G19: ='Orçamento Atividade 1'!F21+'Orçamento Atividade 2'!F21+'Orçamento Atividade 3'!F21 -> 0 | H19: =SUM(C19:G19) -> 0
B20: 4.2.99 Outros encargos com aquisição de bens e serviços | C20: ='Orçamento Atividade 1'!C22+'Orçamento Atividade 2'!C22+'Orçamento Atividade 3'!C22 -> 0 | D20: ='Orçamento Atividade 1'!D22+'Orçamento Atividade 2'!D22+'Orçamento Atividade 3'!D22 -> 0 | F20: ='Orçamento Atividade 1'!E22+'Orçamento Atividade 2'!E22+'Orçamento Atividade 3'!E22 -> 0 | G20: ='Orçamento Atividade 1'!F22+'Orçamento Atividade 2'!F22+'Orçamento Atividade 3'!F22 -> 0 | H20: =SUM(C20:G20) -> 0
B21: 4.4 Rendas, alugueres e Amortizações | C21: ='Orçamento Atividade 1'!C23+'Orçamento Atividade 2'!C23+'Orçamento Atividade 3'!C23 -> 0 | D21: ='Orçamento Atividade 1'!D23+'Orçamento Atividade 2'!D23+'Orçamento Atividade 3'!D23 -> 0 | F21: ='Orçamento Atividade 1'!E23+'Orçamento Atividade 2'!E23+'Orçamento Atividade 3'!E23 -> 0 | G21: ='Orçamento Atividade 1'!F23+'Orçamento Atividade 2'!F23+'Orçamento Atividade 3'!F23 -> 0 | H21: =SUM(C21:G21) -> 0
B22: 4.5 Encargos Gerais | C22: ='Orçamento Atividade 1'!C24+'Orçamento Atividade 2'!C24+'Orçamento Atividade 3'!C24 -> 0 | D22: ='Orçamento Atividade 1'!D24+'Orçamento Atividade 2'!D24+'Orçamento Atividade 3'!D24 -> 0 | F22: ='Orçamento Atividade 1'!E24+'Orçamento Atividade 2'!E24+'Orçamento Atividade 3'!E24 -> 0 | G22: ='Orçamento Atividade 1'!F24+'Orçamento Atividade 2'!F24+'Orçamento Atividade 3'!F24 -> 0 | H22: =SUM(C22:G22) -> 0
B23: 4.99 Outros Encargos com Preparação, Desenvolvimento, Acompanhamento e Avaliação | C23: ='Orçamento Atividade 1'!C25+'Orçamento Atividade 2'!C25+'Orçamento Atividade 3'!C25 -> 0 | D23: ='Orçamento Atividade 1'!D25+'Orçamento Atividade 2'!D25+'Orçamento Atividade 3'!D25 -> 0 | F23: ='Orçamento Atividade 1'!E25+'Orçamento Atividade 2'!E25+'Orçamento Atividade 3'!E25 -> 0 | G23: ='Orçamento Atividade 1'!F25+'Orçamento Atividade 2'!F25+'Orçamento Atividade 3'!F25 -> 0 | H23: =SUM(C23:G23) -> 0
B24: Total | C24: =C17+C12+C8 -> 0 | D24: =D17+D12+D8 -> 0 | F24: =F17+F12+F8 -> 0 | G24: =G17+G12+G8 -> 0 | H24: =SUM(C24:G24) -> 0
B25: Observações:

Sheet Referências 
A2: Rubrica
A3: Remunerações com o pessoal
A4: Subsídio de Férias e Natal
A5: Encargos Obrigatórios TSU
A6: Subsídio de Alimentação
A7: Medicina do trabalho
A8: Seguro de Acidentes Pessoais
A9: Ajudas de custo e deslocações
